 Dungeon Crawl Stone Soup version 0.18.1-5-g4a78601 (webtiles) character file.

46 MemeFancyhat the Digger (level 3, -2/22 HPs)
             Began as an Octopode Earth Elementalist on May 13, 2016.
             Slain by a jackal (3 damage)
             ... on level 3 of the Dungeon.
             The game lasted 00:13:10 (1881 turns).

MemeFancyhat the Digger (OpEE)                      Turns: 1881, Time: 00:13:10

Health: -2/22      AC:  1    Str:  8    XL:     3   Next: 66%
Magic:  6/6        EV: 12    Int: 17    God:
Gold:   90         SH:  6    Dex: 12    Spells: 1 memorised, 5 levels left

rFire  . . .     SeeInvis .     m - +0 dagger (venom)
rCold  . . .     Gourm    .     (no shield)
rNeg   . . .     Faith    .     (helmet restricted)
rPois  .         Spirit   .     d - +6 amulet of reflection
rElec  .         Dismiss  .     (no ring)
rCorr  .         Reflect  +     (no ring)
SustAt .         Harm     .     (no ring)
MR     .....                    (no ring)
Stlth  ++++......               (no ring)
                                (no ring)
                                (no ring)
                                (no ring)

@: not resistant to hostile enchantments, stealthy
A: almost no armour, amphibious, 8 rings, constrict 8, camouflage 1, gelatinous
body 1
a: no special abilities


You were on level 3 of the Dungeon.
You were not hungry.

You visited 1 branch of the dungeon, and saw 3 of its levels.

You collected 90 gold pieces.

Inventory:

Hand Weapons
 h - a +0 hand axe
 i - a +0 dagger
 m - a +0 dagger of venom (weapon)
Missiles
 a - 55 stones (quivered)
Armour
 k - a +2 cloak
Jewellery
 d - a +6 amulet of reflection (around mantle)
Wands
 o - a wand of iceblast (9/15)
Scrolls
 e - a scroll of fear {unknown}
 f - a scroll of amnesia {unknown}
 l - 2 scrolls of teleportation {unknown}
 n - 3 scrolls of blinking {unknown}
 q - a scroll of recharging {unknown}
 s - a scroll of identify {unknown}
Potions
 g - a potion of heal wounds {unknown}
 j - 2 potions of brilliance {unknown}
 t - a potion of might {unknown}
 u - a potion of lignification {unknown}
Books
 b - a book of Geomancy

   Spells                             Type                      Level
   a - Sandblast                      Earth                        1
   b - Passwall                       Transmutation/Earth          2
   c - Stone Arrow                    Conjuration/Earth            3
   d - Petrify                        Transmutation/Earth          4
   e - Lee's Rapid Deconstruction     Earth                        5
Comestibles
 c - 2 bread rations
 p - a meat ration
 r - 3 chunks of flesh


   Skills:
 + Level 0.4 Fighting
 + Level 2.0 Dodging
 + Level 3.6 Stealth
 + Level 0.2 Unarmed Combat
 + Level 2.3 Spellcasting
   Level 1.0 Transmutations
 + Level 3.6 Earth Magic


You had 5 spell levels left.
You knew the following spells:

 Your Spells              Type           Power        Failure   Level  Hunger
a - Sandblast             Erth           ##....       4%          1    #......


Dungeon Overview and Level Annotations

Branches:
Dungeon (3/15)

Altars:


Innate Abilities, Weirdness & Mutations

You cannot wear most types of armour.
You are amphibious.
You can wear up to eight rings at the same time.
You can use your tentacles to constrict eight enemies at once.
Your skin changes colour to match your surroundings (Stealth).
Your rubbery body absorbs attacks (AC +1).


Message History

The jackal bites you but does no damage.
The jackal bites you.
* * * LOW HITPOINT WARNING * * *
The giant newt bites you.
* * * LOW HITPOINT WARNING * * *
The jackal bites you.
* * * LOW HITPOINT WARNING * * *
The jackal bites you.
* * * LOW HITPOINT WARNING * * *
You block the jackal's attack. The orc barely misses you.
You hit the orc but do no damage. Your grab misses the orc.
You constrict the jackal. The jackal misses you.
The giant newt hisses menacingly.
The giant newt bites you but does no damage.
You block the jackal's attack. The jackal bites you.
* * * LOW HITPOINT WARNING * * *
You barely miss the orc. Your grab misses the orc. You constrict the jackal.
You kill the jackal!
You block the jackal's attack. The jackal bites you.
You die...

...........##...
.$.............#
.....<....(...#
.............#
............#
......K.....#
.....ohl....#
.....oo@...#
....#.h†..## #
#######


You could see 3 orcs, 2 jackals, a kobold and a giant newt.

Vanquished Creatures
  A dart slug (D:1)
  2 giant cockroaches (D:1)
  5 goblins
  7 hobgoblins
  6 jackals
  6 bats (D:1)
  2 giant newts
  4 kobolds (D:1)
  5 rats (D:1)
38 creatures vanquished.

Notes
Turn   | Place    | Note
--------------------------------------------------------------
     0 | D:1      | MemeFancyhat the Octopode Earth Elementalist began the quest for the Orb.
     0 | D:1      | Reached XP level 1. HP: 11/11 MP: 3/3
   290 | D:1      | Reached XP level 2. HP: 10/17 MP: 5/5
   726 | D:1      | Reached XP level 3. HP: 12/21 MP: 6/6
  1879 | D:3      | HP: 1/22 [jackal (1)]
  1881 | D:3      | Slain by a jackal

Skill      XL: |  1 |
---------------+----+-----
Stealth        | 3 |  3.6
Fighting       | |  0.4
Dodging        | |  2.0
Unarmed Combat | |  0.2
Spellcasting   | |  2.3
Transmutations | |  1.0
Earth Magic    | |  3.6

Action                   || total
-------------------------++-------
Melee: Unarmed           ||    17
       Constrict         ||    26
       Hand axe          ||    52
       Tentacles         ||     6
       Dagger            ||    17
 Cast: Sandblast         ||     6
 Stab: Sleeping          ||    11
  Eat: Bread ration      ||     1
Armor: Skin              ||    10
Dodge: Dodged            ||    40
Block: Other             ||    30
       Reflection        ||     1
